Map: [ESL] Hard Lead

Players

Spatz

  • Race: Protoss Protoss
  • Spawn Location: 11:00

Bly - Winner!

  • Race: Zerg Zerg
  • Spawn Location: 5:00

Event: ESL SC2 Masters 2023 Winter (Regional)

VOD

Have the link to the VOD?

Description

Time

  • Played on: Nov. 1, 2023, 2:39 p.m.
  • Length: 12:24

All games in this series

Show
View Real Time Build Order
Export as new Build Order

Spatz Protoss 

Build Orders: Colossus Rush 

Get SALT Encoding   

  12  0:00  Probe  
  13  0:13  Pylon  
  13  0:17  Probe (Chrono Boost)  
  14  0:27  Probe (Chrono Boost)  
  15  0:32  Probe (Chrono Boost)  
  16  0:39  Gateway  
  16  0:43  Probe  
  16  0:49  Assimilator  
  17  0:55  Probe  
  18  1:08  Probe  
  19  1:14  Gateway  
  19  1:25  Zealot (Chrono Boost)  
  19  1:27  Cybernetics Core  
  21  1:33  Pylon  
  21  1:44  Zealot (Chrono Boost)  
  23  2:08  Adept (Chrono Boost)  
  25  2:10  Adept (Chrono Boost)  
  25  2:11  Shield Battery  
  27  2:25  Warp Gate  
  27  2:28  Assimilator, Probe  
  28  2:32  Adept  
  30  2:43  Pylon  
  30  2:46  Probe  
  31  3:01  Probe  
  32  3:08  Robotics Facility  
  32  3:13  Probe  
  33  3:25  Probe  
  34  3:37  Nexus  
  34  3:42  Probe  
  33  3:51  Warp Prism (Chrono Boost)  
  33  3:54  Probe  
  34  4:06  Probe  
  35  4:12  Robotics Bay  
  33  4:17  Adept  
  33  4:18  Adept  
  33  4:21  Observer  
  33  4:22  Probe  
  39  4:48  Probe  
  39  4:50  Probe  
  41  4:59  Disruptor (Chrono Boost)  
  39  5:00  Probe, Adept  
  39  5:02  Probe  
  39  5:05  Adept  
  49  5:12  Probe  
  51  5:14  Probe  
  51  5:25  Probe  
  51  5:27  Pylon  
  53  5:30  Pylon  
  53  5:31  Stalker  
  52  5:37  Probe  
  52  5:38  Probe  
  54  5:43  Pylon  
  54  5:49  Colossus, Probe  
  61  5:50  Probe  
  61  5:53  Assimilator  
  61  5:54  Assimilator  
  61  5:56  Stalker  
  64  6:01  Probe  
  64  6:03  Probe  
  64  6:06  Gateway  
  64  6:07  Adept  
  66  6:13  Gateway  
  66  6:18  Probe  
  66  6:19  Probe  
  68  6:28  Sentry, Pylon  
  68  6:32  Gateway  
  70  6:34  Gateway  
  68  6:47  Gateway  
  68  6:50  Gateway, Pylon  
  68  6:53  Sentry  
  68  6:55  Gateway  
  68  7:04  Sentry  
  68  7:06  Probe x2, Pylon  
  72  7:10  Stalker  
  72  7:14  Observer  
  74  7:18  Pylon  
  74  7:27  Zealot x4  
  82  7:31  Stalker  
  82  7:33  Pylon  
  84  7:45  Shield Battery  
  84  7:50  Stalker x3  
  90  7:53  Stalker x4  
  90  8:00  Stalker  
  90  8:02  Stalker  
  85  8:12  Stalker  
  79  8:19  Stalker x2  
  70  8:22  Twilight Council  
  62  8:33  Probe x2  
  63  8:48  Immortal (Chrono Boost)  
  63  8:54  Sentry  
  69  8:57  Blink (Chrono Boost)  
  69  9:05  Templar Archives  
  69  9:17  Immortal (Chrono Boost)  
  69  9:22  Pylon  
  73  9:25  Shield Battery  
  73  9:38  Stalker x2  
  75  9:41  High Templar x3  
  75  9:44  Probe  
  75  9:45  Probe  
  80  9:46  Archon  
  80  9:47  High Templar  
  80  9:49  Stalker  
  80  9:52  Archon  
  84  10:08  Stalker x2  
  84  10:10  Pylon  
  86  10:15  Stalker x3  
  88  10:27  Stalker x2  
  83  10:40  Stalker x2  
  86  10:46  Stalker x2  
  83  11:12  Stalker x4  
  83  11:15  Stalker  
  60  11:48  Stalker x3  
Show
View Real Time Build Order
Export as new Build Order

Bly Zerg - Winner!

Build Orders: Pool First 

Get SALT Encoding   

  12  0:00  Drone  
  13  0:10  Drone  
  14  0:25  Spawning Pool  
  14  0:28  Drone  
  14  0:39  Extractor, Drone  
  14  0:40  Extractor  
  14  0:41  Drone  
  16  0:46  Overlord  
  16  1:10  Hatchery  
  15  1:12  Zergling x2  
  15  1:15  Zergling x2  
  17  1:18  Zergling x2  
  17  1:23  Zergling x2  
  19  1:34  Zergling x2  
  20  1:48  Hatchery  
  20  1:50  Drone  
  20  1:55  Drone  
  21  2:10  Extractor, Queen  
  23  2:24  Overlord  
  23  2:28  Hatchery  
  21  2:43  Drone x2  
  21  2:44  Drone  
  24  2:49  Queen  
  26  2:55  Drone  
  27  3:00  Queen  
  27  3:01  Drone  
  30  3:07  Drone  
  30  3:12  Drone  
  32  3:17  Overlord  
  32  3:21  Metabolic Boost  
  32  3:26  Overlord  
  31  3:46  Drone x6  
  35  4:01  Drone x3  
  36  4:12  Drone  
  36  4:13  Drone x3  
  36  4:15  Lair  
  39  4:30  Roach Warren  
  38  4:31  Drone x5  
  38  4:36  Drone x2  
  45  4:39  Drone  
  45  4:40  Drone  
  45  4:54  Drone x3  
  47  5:00  Drone x4  
  51  5:14  Drone x4  
  51  5:18  Glial Reconstitution, Extractor  
  51  5:19  Extractor x2  
  51  5:20  Spore Crawler  
  51  5:21  Zergling x2  
  48  5:27  Zergling x2  
  47  5:32  Overseer  
  47  5:35  Drone x5  
  51  5:50  Drone  
  51  5:56  Hatchery  
  51  6:00  Spire  
  51  6:03  Zergling x4  
  52  6:10  Overlord x2  
  52  6:13  Overlord x2  
  44  6:24  Drone x4  
  46  6:45  Zergling x6  
  48  6:48  Drone x3  
  48  6:53  Overseer  
  49  7:13  Mutalisk x7  
  63  7:20  Mutalisk  
  63  7:21  Roach x2  
  67  7:27  Roach x2  
  67  7:29  Roach  
  73  7:40  Roach x5  
  83  7:54  Roach  
  83  7:55  Roach x2  
  59  8:25  Mutalisk x3  
  63  8:28  Drone x8  
  71  8:43  Mutalisk x2  
  71  8:48  Drone x5  
  80  9:01  Zerg Flyer Weapons Level 1  
  80  9:05  Mutalisk  
  80  9:08  Drone x5  
  87  9:10  Extractor  
  87  9:11  Extractor  
  85  9:32  Mutalisk  
  85  9:33  Mutalisk  
  89  9:45  Overlord x3  
  89  9:46  Overlord x4  
  89  10:05  Spore Crawler  
  89  10:06  Roach x7  
  89  10:07  Roach  
  108  10:37  Roach x4  
  108  10:41  Ravager x8  
  114  10:44  Roach  
  114  10:45  Roach x5  
  124  10:57  Roach x6  
  134  11:05  Roach  
  134  11:09  Ravager  
  137  11:17  Overlord  
  119  11:36  Roach x8  
  110  11:47  Roach x2  
  110  11:52  Ravager x4  
  118  11:58  Roach x7  
  130  12:02  Zergling x4  
  130  12:03  Ravager  
  130  12:04  Ravager x3  
Tags
 
Add a new tag
Caveats
  • Supply blocks, unpowered buildings, or Contaminate may cause inaccurate times.
  • Supply counts are checked every 10 seconds.